 Dungeon Sprint DCSS version 0.29.1 (webtiles) character file.

Game seed: 16481690050688439399

13890 rocky1 the Fencer (level 12, -3/107 HPs)
             Began as a Merfolk Gladiator on Sept 13, 2022.
             Was an Initiate of Gozag.
             Slain by a molten gargoyle
             ... wielding a +0 mace
              (6 damage)
             ... in the Dungeon (Sprint VII: "The Pits").
             The game lasted 00:17:07 (4676 turns).

rocky1 the Fencer (Merfolk Gladiator)               Turns: 4676, Time: 00:17:08

Health: -3/107     AC: 17    Str: 20    XL:     12   Next: 10%
Magic:  12/12      EV: 25    Int:  9    God:    Gozag
Gold:   979        SH:  0    Dex: 23    Spells: 11/11 levels left

rFire   + . .      SeeInvis +   a - +4 great sword (flame)
rCold   + + +      Faith    .   (shield currently unavailable)
rNeg    + . .      Spirit   .   l - +4 scale mail {rC+}
rPois   +          Reflect  .   A - +0 hat {SInv}
rElec   +          Harm     .   C - +2 cloak
rCorr   +          Rampage  .   (no gloves)
Will    .....      NoTele   +   r - +0 pair of boots of the Dwarven Hall {rPois rN+}
Stlth   ++++......              H - amulet of the Scorching Gods {Contam rC+ Regen+ Str+5 Int+2}
HPRegen 1.07/turn               s - +3 ring of dexterity
MPRegen 0.13/turn               t - +3 ring of evasion

@: mighty, resistant
A: (nimble swimmer 2), mertail
a: Renounce Religion, Potion Petition, Call Merchant, Bribe Branch


You were in the Dungeon.
You worshipped Gozag.
Gozag was pleased with you.
You visited 1 branch You collected 5789 gold pieces.
You spent 1888 gold pieces at shops.
You paid 2922 gold pieces to Gozag.

Inventory:

Hand Weapons
 a - a +4 great sword of flaming (weapon)
 b - a +0 shortbow
 j - a +3 scimitar of flaming
 p - a +2 trident
 q - a +1 long sword of holy wrath
 z - a +2 rapier of venom
Missiles
 d - 3 throwing nets (quivered)
 e - a javelin
Armour
 l - a +4 scale mail of cold resistance (worn)
 r - the +0 pair of boots of the Dwarven Hall (worn) {rPois rN+}
   (You bought it in a shop in the Dungeon)

   rPois:     It protects you from poison.
   rN:        It protects you from negative energy.
 y - a +0 crystal plate armour
 A - a +0 hat of see invisible (worn)
 C - a +2 cloak (worn)
Jewellery
 s - a +3 ring of dexterity (left hand)
 t - a +3 ring of evasion (right hand)
 H - the amulet of the Scorching Gods (around neck) {Contam rC+ Regen+ Str+5 Int+2}
   (You bought it in a shop in the Dungeon)

   [amulet of regeneration]

   Str:       It affects your strength (+5).
   Int:       It affects your intelligence (+2).
   rC:        It protects you from cold.
   Contam:    It causes magical contamination when unequipped.
   Regen:     It increases your rate of health regeneration.
Scrolls
 k - 4 scrolls of blinking
 n - 5 scrolls of amnesia
 o - a scroll of summoning
 x - 3 scrolls of identify
 D - 2 scrolls of enchant weapon
 E - 2 scrolls of fog
 F - 2 scrolls of enchant armour
Potions
 f - 4 potions of curing
 g - 11 potions of heal wounds
 h - a potion of haste
 i - 4 potions of magic
 m - 2 potions of invisibility
 u - 3 potions of resistance
 v - 2 potions of mutation
 w - 2 potions of brilliance
 G - 2 potions of might


   Skills:
 - Level 14.1 Fighting
 + Level 17.7 Long Blades
 + Level 10.3 Ranged Weapons
 - Level 2.0 Throwing
 - Level 9.9 Armour
 - Level 16.8 Dodging
 - Level 10.9 Stealth


You had 11 spell levels left.
You didn't know any spells.
Your spell library was empty.

Dungeon Overview and Level Annotations

Branches:
Dungeon (1/1)

Altars:
Ashenzari
Cheibriados
Dithmenos
Elyvilon
Fedhas
Gozag
Hepliaklqana
Kikubaaqudgha
Makhleb
Nemelex Xobeh
Okawaru
Qazlal
Ru
Sif Muna
Trog
Uskayaw
Vehumet
Wu Jian
Xom
Yredelemnul
Zin
The Shining One
Jiyva
Lugonu

Shops:
D (=[


Innate Abilities, Weirdness & Mutations

((You are very nimble when in or above water. (Stealth+, EV+, Speed+++)))
Your lower body shifts to a powerful aquatic tail in water.


Message History

The bolt of magma hits you!!
The molten gargoyle blasts magma at you!
The bolt of magma misses you. The molten gargoyle misses you.
The catoblepas gores you!!
You hit the catoblepas. You burn the catoblepas.
The catoblepas is lightly wounded.
You hit the catoblepas. You burn the catoblepas.
The catoblepas is lightly wounded.
The catoblepas barely misses you.
The molten gargoyle hits you with a +0 mace.
You are engulfed in flames!
Okay, then. [a] - 378 gold - resistance and might [b] - 630 gold - haste, curing and magic [c] - 210 gold - resistance Purchase which effect?
You feel protected.
You feel very mighty all of a sudden. The catoblepas barely misses you.
The molten gargoyle completely misses you.
You slice the catoblepas!! You burn the catoblepas!
The catoblepas is severely wounded.
The molten gargoyle completely misses you.
The catoblepas breathes a plume of calcifying dust at you.
The blast of calcifying dust hits you. The catoblepas gores you!
The molten gargoyle hits you with a +0 mace!
* * * LOW HITPOINT WARNING * * *
You are engulfed in flames.
You resist.
* * * LOW HITPOINT WARNING * * *
You slash the molten gargoyle!
The molten gargoyle is moderately damaged.
The catoblepas breathes a plume of calcifying dust at you.
The blast of calcifying dust hits you but does no damage.
The molten gargoyle blasts magma at you!
The bolt of magma hits you!! You partially resist.
* * * LOW HITPOINT WARNING * * *
The molten gargoyle attacks as you move away!
The molten gargoyle hits you with a +0 mace.
You die...
Your body crumbles into a pile of gold.

$ $
#++#############
#.§§§§§§§Y......
#.......@9......
#..#############
#..# #..# #..#
#..# #..# #..#
#########..#


You could see a catoblepas and a molten gargoyle.

Vanquished Creatures
  Gastronok (D)
  A deep elf sorcerer (D)
  Erolcha (D)
  2 boulder beetles (D)
  Erica (D)
  A centaur warrior (D)
  A sea snake (D)
  2 deep trolls (D)
  A swamp dragon (D)
  A deep elf pyromancer (D)
  A wizard (D)
  2 deep elf zephyrmancers (D)
  An orange demon (D)
  A black mamba (D)
  An elephant (D)
  An efreet (D)
  2 komodo dragons (D)
  An ice devil (D)
  2 hellwings (D)
  A hornet (D)
  A tarantella (D)
  A tyrant leech (D)
  A flying skull (D)
  A basilisk (D)
  A wraith (D)
  A fire bat (D)
  2 redbacks (D)
  A steam dragon (D)
  A warg (D)
  An acid dragon (D)
  A water moccasin (D)
  Pargi (D)
  An ice beast (D)
  A sky beast (D)
  A centaur (D)
  2 bullfrogs (D)
  A scorpion (D)
  8 wights (D)
  A quasit (D)
  A jelly (D)
  A hell rat (D)
  An adder (D)
  A river rat (D)
  2 worms (D)
  An orc (D)
  3 ball pythons (D)
  A bat (D)
  A goblin (D)
  A hobgoblin (D)
  A quokka (D)
  A frilled lizard (D)
  A jackal zombie (D)
  A rat (D)
70 creatures vanquished.

Notes
Turn   | Place    | Note
-------+----------+-------------------------------------------
     0 | D        | rocky1 the Merfolk Gladiator began the quest for the Orb.
     0 | D        | Reached XP level 1. HP: 16/16 MP: 1/1
    15 | D        | Reached skill level 4 in Long Blades
    18 | D        | Found a bloodstained altar of Trog.
    18 | D        | Found a shimmering blue altar of Sif Muna.
    18 | D        | Found a viscous altar of Jiyva.
    18 | D        | Found a hazy altar of Hepliaklqana.
    18 | D        | Found an opulent altar of Gozag.
    19 | D        | Found a glowing golden altar of the Shining One.
    19 | D        | Found a glowing silver altar of Zin.
    19 | D        | Found a basalt altar of Yredelemnul.
    19 | D        | Found a shimmering altar of Xom.
    19 | D        | Found an ornate altar of the Wu Jian Council.
    19 | D        | Found a sacrificial altar of Ru.
    19 | D        | Found a stormy altar of Qazlal.
    19 | D        | Found an iron altar of Okawaru.
    19 | D        | Found a sparkling altar of Nemelex Xobeh.
    19 | D        | Found a burning altar of Makhleb.
    19 | D        | Found a blossoming altar of Fedhas.
    19 | D        | Found a white marble altar of Elyvilon.
    19 | D        | Found a shadowy altar of Dithmenos.
    19 | D        | Found a snail-covered altar of Cheibriados.
    22 | D        | Found a corrupted altar of Lugonu.
    22 | D        | Found a radiant altar of Vehumet.
    23 | D        | Found an ancient bone altar of Kikubaaqudgha.
    23 | D        | Found a hide-covered altar of Uskayaw.
    23 | D        | Found a broken altar of Ashenzari.
    26 | D        | Became a worshipper of Gozag Ym Sagoz the Greedy
    64 | D        | Noticed a scorpion
    78 | D        | Killed a scorpion
    79 | D        | Reached skill level 6 in Long Blades
    79 | D        | Reached skill level 5 in Dodging
    79 | D        | Reached XP level 2. HP: 25/25 MP: 2/2
    79 | D        | Reached XP level 3. HP: 30/30 MP: 3/3
    79 | D        | Reached XP level 4. HP: 37/37 MP: 4/4
   355 | D        | Reached skill level 7 in Long Blades
   872 | D        | Noticed a centaur
   872 | D        | Noticed a sky beast
   877 | D        | Noticed an ice beast
   885 | D        | Killed a sky beast
   886 | D        | Reached skill level 9 in Long Blades
   886 | D        | Reached XP level 5. HP: 46/46 MP: 5/5
   889 | D        | Killed an ice beast
   890 | D        | Reached skill level 10 in Long Blades
   890 | D        | Reached XP level 6. HP: 53/53 MP: 6/6
   894 | D        | Reached skill level 11 in Long Blades
   977 | D        | Reached skill level 1 in Ranged Weapons
   977 | D        | Reached XP level 7. HP: 55/60 MP: 7/7
   986 | D        | Reached skill level 5 in Armour
  1032 | D        | Bought a glowing scimitar for 203 gold pieces
  1032 | D        | Bought a glowing great sword for 275 gold pieces
  1141 | D        | Noticed a flying skull
  1141 | D        | Noticed an orange demon
  1141 | D        | Noticed a komodo dragon
  1150 | D        | Killed a flying skull
  1151 | D        | Reached skill level 12 in Long Blades
  1151 | D        | Reached skill level 10 in Dodging
  1158 | D        | Killed a komodo dragon
  1159 | D        | Reached XP level 8. HP: 47/70 MP: 8/8
  1171 | D        | Killed an orange demon
  1709 | D        | Reached skill level 13 in Long Blades
  1922 | D        | Noticed a wraith
  1940 | D        | Killed a wraith
  1941 | D        | Reached skill level 10 in Fighting
  1941 | D        | Reached skill level 5 in Ranged Weapons
  1941 | D        | Reached XP level 9. HP: 78/78 MP: 9/9
  1961 | D        | Noticed a deep troll
  1962 | D        | Noticed Erica
  1981 | D        | Killed Erica
  1983 | D        | Killed a deep troll
  1984 | D        | Reached skill level 14 in Long Blades
  2001 | D        | HP: 3/79 [wight/+1 halberd (12)]
  2359 | D        | Noticed a hellwing
  2383 | D        | Killed a hellwing
  2384 | D        | Reached skill level 5 in Stealth
  2387 | D        | Reached XP level 10. HP: 46/88 MP: 10/10
  2575 | D        | Noticed a deep elf zephyrmancer
  2575 | D        | Noticed a wizard
  2575 | D        | Noticed a deep elf pyromancer
  2583 | D        | Killed a wizard
  2585 | D        | Killed a deep elf pyromancer
  2592 | D        | Killed a deep elf zephyrmancer
  2805 | D        | Noticed a boulder beetle
  2825 | D        | Killed a boulder beetle
  2826 | D        | Reached skill level 15 in Long Blades
  2926 | D        | Noticed an elephant
  2929 | D        | Noticed Pargi
  2942 | D        | Killed an elephant
  2948 | D        | Killed Pargi
  2987 | D        | Noticed Erolcha
  3010 | D        | Killed Erolcha
  3011 | D        | Reached skill level 15 in Dodging
  3021 | D        | Reached XP level 11. HP: 91/96 MP: 11/11
  3073 | D        | Noticed a boulder beetle
  3074 | D        | Noticed a deep elf sorcerer
  3105 | D        | Noticed a deep troll
  3105 | D        | Noticed Gastronok
  3124 | D        | Killed a deep troll
  3125 | D        | Reached skill level 16 in Long Blades
  3367 | D        | Bought a pair of ichor-stained boots for 323 gold pieces
  3367 | D        | Identified the +0 pair of boots of the Dwarven Hall {rPois
                  | rN+} (You bought it in a shop in the Dungeon)
  3367 | D        | Bought a runed scale mail for 238 gold pieces
  3411 | D        | Killed a boulder beetle
  3411 | D        | Noticed a centaur warrior
  3419 | D        | Killed a centaur warrior
  3565 | D        | Killed Gastronok
  3566 | D        | Reached skill level 10 in Stealth
  3811 | D        | Killed a deep elf sorcerer
  4301 | D        | Noticed a sea snake
  4307 | D        | Killed a sea snake
  4486 | D        | Bought the amulet of the Scorching Gods {Contam rC+ Regen+
                  | Str+5 Int+2} for 849 gold pieces
  4504 | D        | Noticed a deep elf zephyrmancer
  4512 | D        | Reached skill level 17 in Long Blades
  4513 | D        | Killed a deep elf zephyrmancer
  4514 | D        | Reached XP level 12. HP: 107/107 MP: 12/12
  4543 | D        | Reached skill level 10 in Ranged Weapons
  4665 | D        | Noticed a catoblepas
  4675 | D        | HP: 3/107 [molten gargoyle/bolt of magma (21)]
  4676 | D        | Slain by a molten gargoyle

Illustrated notes

Levels and vault maps discovered:
D:        pitsprint [storerooms_1, entrance_room_1, metal_vault_4, armoury_1,
          mini_pit_1, grid_room_1, main_hall_1, silver_pit, the_coven_2,
          the_vestibule_1, steel_vault_4, golden_pit, hallway_of_sentries,
          crystal_vault_2, iron_vault_1, final_vault]

Skill      XL: |  1  2  3  4  5  6  7  8  9 10 11 12 |
---------------+-------------------------------------+-----
Long Blades    | 6 9 10 11 12 13 14 15 17 | 17.7
Fighting       | 4 6 7 8 10 11 12 14 | 14.1
Armour         | 2 3 4 5 6 7 8 9 |  9.9
Dodging        | 5 7 8 9 11 12 13 15 16 | 16.8
Ranged Weapons | 1 3 5 6 8 9 10 | 10.3
Stealth        | 5 8 10 | 10.9
Throwing       | |  2.0

Action                   |  1- 3 |  4- 6 |  7- 9 | 10-12 || total
-------------------------+-------+-------+-------+-------++-------
Melee: Falchion          |     9 |    28 |       |       ||    37
       Long sword        |     1 |    24 |    47 |       ||    72
       Great sword       |       |       |    30 |   135 ||   165
       Punch             |       |       |     1 |       ||     1
 Fire: Shortbow          |       |       |       |     1 ||     1
Invok: Call Merchant     |       |       |     1 |     2 ||     3
       Potion Petition   |       |       |       |     1 ||     1
  Use: Potion            |     1 |     1 |     9 |     2 ||    13
 Stab: Sleeping          |     1 |       |       |     1 ||     2
       Distracted        |       |       |     1 |     2 ||     3
Armor: Leather armour    |     3 |     4 |       |       ||     7
       Scale mail        |       |     8 |    13 |     7 ||    28
       Ring mail         |       |       |    16 |    19 ||    35
Dodge: Dodged            |     7 |    30 |    96 |   114 ||   247
